 Dungeon Crawl Stone Soup version 0.19-a0-1170-g18f0c96 (webtiles) character file.

111 epen the Poker (level 4, -2/37 HPs)
             Began as a Merfolk Monk on Aug 16, 2016.
             Slain by Crazy Yiuf
             ... wielding a +2 quarterstaff of chaos
              (4 damage)
             ... while paralysed by Crazy Yiuf
             ... on level 2 of the Dungeon.
             The game lasted 00:02:32 (2060 turns).

epen the Poker (Merfolk Monk)                       Turns: 2060, Time: 00:02:32

Health: -2/37      AC:  4    Str: 12    XL:     4   Next: 92%
Magic:  1/4        EV:  2    Int:  9    God:
Gold:   88         SH:  0    Dex: 16    Spells: 0 memorised, 3 levels left

rFire  . . .     SeeInvis .     a - +0 spear
rCold  . . .     Gourm    .     b - +0 robe
rNeg   . . .     Faith    .     (no shield)
rPois  .         Spirit   .     (no helmet)
rElec  .         Dismiss  .     (no cloak)
rCorr  .         Reflect  .     (no gloves)
MR     ++...     Harm     .     k - +1 pair of boots {Fly}
Stlth  ++........               (no amulet)
                                (no ring)
                                j - ring of protection from magic

@: paralysed, flying, very slightly contaminated, invisible
A: change form in water, swift swim, magic resistance 1, screaming 1, evolution
1
a: Stop Flying


You were on level 2 of the Dungeon.
You were hungry.

You visited 1 branch of the dungeon, and saw 2 of its levels.

You collected 88 gold pieces.

Inventory:

Hand Weapons
 a - a +0 spear (weapon)
Armour
 b - a +0 robe (worn)
 k - a +1 pair of boots of flying (worn)
Jewellery
 j - a ring of protection from magic (left hand)
Scrolls
 f - a scroll of blinking {unknown}
 g - 3 scrolls of identify {unknown}
 h - 2 scrolls of recharging {unknown}
 l - a scroll of fear {unknown}
 n - a scroll of fog {unknown}
Potions
 e - a potion of mutation
 m - a potion of curing
Comestibles
 c - 2 bread rations
 d - 5 fruits
 i - a meat ration


   Skills:
 + Level 3.9 Fighting
 + Level 5.5 Polearms
 * Level 1.8 Armour
 + Level 4.7 Dodging
 - Level 2.1 Stealth


You had 3 spell levels left.
You didn't know any spells.

Dungeon Overview and Level Annotations

Branches:
Dungeon (2/15)

Altars:

Annotations:
D:2 Crazy Yiuf


Innate Abilities, Weirdness & Mutations

You revert to your normal form in water.
You are very nimble and swift while swimming.
You are resistant to hostile enchantments. (MR+)
You occasionally shout uncontrollably at your foes.
You evolve.


Message History

Crazy Yiuf is almost dead.
Crazy Yiuf yells, "Cake unthinkable sizzlefizz!"
Attack whom?
Press: ? - help, Dir - move target cursor, f/p - Crazy Yiuf
Aim: Crazy Yiuf, wielding a quarterstaff of chaos and wearing an embroidered cloak (almost dead)
You reach to attack!
You catch the helpless Crazy Yiuf completely off-guard!
You hit Crazy Yiuf but do no damage.
Crazy Yiuf is almost dead.
Attack whom?
Press: ? - help, Dir - move target cursor, f/p - Crazy Yiuf
Aim: Crazy Yiuf, wielding a quarterstaff of chaos and wearing an embroidered cloak (almost dead)
You hit Crazy Yiuf but do no damage.
Crazy Yiuf is almost dead.
Crazy Yiuf hits you with a quarterstaff of chaos.
* * * LOW HITPOINT WARNING * * *
You suddenly lose the ability to move!
Crazy Yiuf barely misses you.
Crazy Yiuf hits you with a quarterstaff of chaos.
You die...

....#####.#........#.#.#
#... ....#
#.############.### ##..
....# #..# #(..# ##.
....# #..# #####
#.#.#### ## ....# #..#
#..)# #.#....# ##. .†..#
#..# #...# #.####.###..
##### #### #...# #.#
#.##... ##g##
#.####.##..) ##@#
#....#.##... #.##
#.##.#.###.. ##.#
#.##.#...##. #.##
#.##...#.### ##.##
#.###....##. #..)##
#......###.. #)...#
#.###(###..( #....#
#.###.###..( ####....#
##.......#...


You could see Crazy Yiuf.

Vanquished Creatures
  Ijyb (D:2)
  2 adders (D:2)
  2 oozes (D:2)
  2 worms (D:2)
  2 dart slugs
  A giant gecko (D:2)
  5 hobgoblins (D:2)
  3 kobolds
  2 quokkas (D:2)
  7 bats
  4 giant newts
  8 goblins
  17 rats
56 creatures vanquished.

Notes
Turn   | Place    | Note
-------+----------+-------------------------------------------
     0 | D:1      | epen the Merfolk Monk began the quest for the Orb.
     0 | D:1      | Reached XP level 1. HP: 18/18 MP: 1/1
   361 | D:1      | Reached XP level 2. HP: 16/24 MP: 2/2
  1001 | D:2      | Noticed Ijyb
  1022 | D:2      | Killed Ijyb
  1022 | D:2      | Reached skill level 5 in Polearms
  1022 | D:2      | Reached skill level 1 in Armour
  1022 | D:2      | Reached XP level 3. HP: 21/30 MP: 3/3
  1233 | D:2      | Reached XP level 4. HP: 31/37 MP: 4/4
  1804 | D:2      | Found a runed door.
  2033 | D:2      | Noticed Crazy Yiuf
  2047 | D:2      | Gained mutation: You evolve. [potion of mutation]
  2047 | D:2      | Gained mutation: You occasionally shout uncontrollably at your foes. [potion of mutation]
  2047 | D:2      | Gained mutation: You are resistant to hostile enchantments. (MR+) [potion of mutation]
  2057 | D:2      | Paralysed by Crazy Yiuf for 5 turns
  2060 | D:2      | Slain by Crazy Yiuf

Vault maps used:
D:1:      dpeg_arrival_another_circle, kennysheep_nondescript,
          minmay_rat_gold_closets
D:2:      kennysheep_six_static_rooms, uniq_iyjb, uniq_crazy_yiuf_cottage

Skill      XL: |  1  2 |
---------------+-------+-----
Polearms       | 5 |  5.5
Armour         | 1 |  1.8
Fighting       | |  3.9
Dodging        | |  4.7
Stealth        | |  2.1

Action                   |  1- 3 |  4- 6 || total
-------------------------+-------+-------++-------
Melee: Spear             |   107 |   117 ||   224
  Use: Potion            |       |     3 ||     3
 Stab: Sleeping          |    15 |     8 ||    23
       Invisible         |       |     2 ||     2
  Eat: Chunk             |       |     3 ||     3
Armor: Robe              |    16 |     9 ||    25
Dodge: Dodged            |    36 |    65 ||   101
